 Dungeon Crawl Stone Soup version 0.29-a0-344-ge2f44be95a (webtiles) character file.

Game seed: 10164843478332611566

14253 pokeman the Eclecticist (level 11, -2/61 HPs)
             Began as a Deep Elf Hedge Wizard on Apr 20, 2022.
             Was a Follower of Vehumet.
             Slain by an eight-headed hydra (10 damage)
             ... on level 12 of the Dungeon on Apr 21, 2022.
             The game lasted 00:58:40 (16101 turns).

pokeman the Eclecticist (Deep Elf Hedge Wizard)    Turns: 16101, Time: 00:58:40

Health: -2/61      AC:  9    Str:  7    XL:     11   Next: 86%
Magic:  12/33      EV: 12    Int: 26    God:    Vehumet [*.....]
Gold:   729        SH:  0    Dex: 14    Spells: 31/42 levels left

rFire   . . .      SeeInvis +   O - +9 long sword of Severance {elec, rN++ Int+2}
rCold   . . .      Faith    .   (no shield)
rNeg    + + .      Spirit   .   v - +0 troll leather armour {Pargi}
rPois   .          Reflect  .   S - +0 helmet
rElec   .          Harm     .   c - +0 cloak
rCorr   .          Rampage  .   V - +0 pair of gloves
Will    +....                   k - +0 pair of boots
Stlth   ++........              (no amulet)
HPRegen 1.00/turn               o - ring of wizardry
MPRegen 0.23/turn               Q - ring of see invisible

@: no status effects
A: no striking features
a: Renounce Religion


You were on level 12 of the Dungeon.
You worshipped Vehumet.
Vehumet was aware of your devotion.
You visited 3 branches of the dungeon, and saw 14 of its levels.
You also visited: Sewer and Bailey.

You collected 729 gold pieces.

Inventory:

Hand Weapons
 L - a +0 hand crossbow
 O - the +9 long sword of Severance (weapon) {elec, rN++ Int+2}
   (You found it in a bailey)

   It occasionally discharges a powerful burst of electricity upon striking a
   foe.
   Int:       It affects your intelligence (+2).
   rN:        It greatly protects you from negative energy.
Missiles
 y - 2 throwing nets
Armour
 c - a +0 cloak (worn)
 k - a +0 pair of boots (worn)
 v - a +0 troll leather armour (worn) {Pargi}
 A - +0 steam dragon scales
 C - a +0 buckler
 I - a +2 leather armour of fire resistance
 S - a +0 helmet (worn)
 V - a +0 pair of gloves (worn)
Magical Staves
 T - a staff of poison
Jewellery
 o - a ring of wizardry (left hand)
 H - a ring of resist corrosion
 K - a +6 ring of strength
 P - a ring of ice
 Q - a ring of see invisible (right hand)
Wands
 l - a wand of flame (2)
 r - a wand of iceblast (17)
 x - a wand of polymorph (3)
Scrolls
 e - 2 scrolls of fog {unknown}
 f - 5 scrolls of teleportation {unknown}
 g - 12 scrolls of identify {unknown}
 i - 3 scrolls of fear {unknown}
 j - a scroll of acquirement {unknown}
 m - 3 scrolls of magic mapping {unknown}
 p - 2 scrolls of enchant armour {unknown}
 q - 3 scrolls of blinking {unknown}
 u - 2 scrolls of holy word {unknown}
 B - 2 scrolls of silence {unknown}
 D - 5 scrolls of enchant weapon {unknown}
 J - 4 scrolls of noise {unknown}
 N - a scroll of amnesia {unknown}
 W - a scroll of immolation {unknown}
Potions
 a - 2 potions of might {unknown}
 b - 3 potions of brilliance {unknown}
 d - 3 potions of magic
 h - 3 potions of curing {unknown}
 n - 3 potions of heal wounds {unknown}
 s - 2 potions of haste
 t - a potion of experience
 w - a potion of lignification {unknown}
 z - 3 potions of invisibility {unknown}
 E - 2 potions of degeneration {unknown}
 F - 3 potions of resistance {unknown}
 G - 4 potions of flight {unknown}
 M - a potion of mutation {unknown}
 U - a potion of attraction {unknown}
Miscellaneous
 R - a box of beasts


   Skills:
 - Level 4.0 Fighting
 - Level 4.2 Armour
 - Level 3.0 Dodging
 - Level 3.0 Stealth
 + Level 3.3 Shields
 * Level 16.2 Spellcasting
 + Level 9.6 Conjurations
 - Level 1.1 Summonings
 - Level 1.1 Translocations
 + Level 9.1 Fire Magic
 - Level 1.0 Air Magic
 - Level 1.0 Poison Magic
 - Level 1.0 Evocations


You had 31 spell levels left.
You knew the following spells:

 Your Spells              Type           Power      Damage    Failure   Level
a - Magic Dart            Conj           100%       1d8       1%          1
b - Mephitic Cloud        Conj/Pois/Air  41%        N/A       1%          3
c - Call Imp              Summ           26%        N/A       1%          2
d - Blink                 Tloc           52%        N/A       1%          2
e - Conjure Flame         Conj/Fire      63%        6-21      1%          3

Your spell library contained the following spells:

 Spells                   Type           Power      Damage    Failure   Level
 Sandblast                Erth           42%        2d11      1%          1
 Slow                     Hex            84%        N/A       1%          1
 Ensorcelled Hibernation  Hex/Ice        42%        N/A       2%          2
 Spider Form              Tmut/Pois      23%        N/A       3%          3
 Frozen Ramparts          Ice            42%        1d6       4%          3
 Summon Ice Beast         Ice/Summ       24%        N/A       12%         4
 Anguish                  Hex/Necr       10%        N/A       14%         4
 Ice Form                 Ice/Tmut       21%        N/A       14%         4
 Petrify                  Tmut/Erth      21%        N/A       14%         4
 Metabolic Englaciation   Hex/Ice        10%        N/A       36%         5
 Statue Form              Tmut/Erth      14%        N/A       89%         6


Dungeon Overview and Level Annotations

Branches:
Dungeon (12/15)            Temple (1/1) D:5            Lair (0/6) D:8
    Orc (1/2) D:11          Sewer (visited)          Bailey (visited)

Altars:
Ashenzari
Cheibriados
Dithmenos
Elyvilon
Fedhas
Gozag
Hepliaklqana
Kikubaaqudgha
Makhleb
Nemelex Xobeh
Okawaru
Qazlal
Ru
Sif Muna
Trog
Uskayaw
Vehumet
Wu Jian
Xom
Yredelemnul
Zin
The Shining One
Lugonu

Shops:
D:1 [   D:4 (

Annotations:
D:9 2 runed translucent doors


Message History

The seven-headed hydra is engulfed in blazing flames.
The seven-headed hydra bites your crimson imp.
The seven-headed hydra bites your crimson imp but does no damage.
The seven-headed hydra bites your crimson imp.
The seven-headed hydra bites your crimson imp!
Your crimson imp dies!
Your crimson imp disappears in a puff of smoke!
Casting: Call Imp (safe; 1% risk of failure)
Confirm with . or Enter, or press ? or * to list all spells.
A beastly little devil appears in a puff of flame.
The seven-headed hydra is engulfed in blazing flames.
Unknown command.
Unknown command.
You barely miss the seven-headed hydra.
The seven-headed hydra is heavily wounded.
The seven-headed hydra is engulfed in blazing flames.
The seven-headed hydra bites you.
The seven-headed hydra bites you but does no damage.
The seven-headed hydra bites you. The seven-headed hydra bites you!
The seven-headed hydra completely misses you.
The seven-headed hydra closely misses you.
The seven-headed hydra bites you.
Your crimson imp blinks!
Unknown command.
Unknown command.
You lop one of the seven-headed hydra's heads off!
The six-headed hydra grows two more!
You slash the eight-headed hydra!
Lightning courses through the eight-headed hydra!
The eight-headed hydra is severely wounded.
The eight-headed hydra is engulfed in blazing flames.
The eight-headed hydra bites you but does no damage.
The eight-headed hydra barely misses you.
The eight-headed hydra bites you! The eight-headed hydra misses you.
The eight-headed hydra bites you but does no damage.
The eight-headed hydra bites you!
* * * LOW HITPOINT WARNING * * *
The eight-headed hydra bites you!
* * * LOW HITPOINT WARNING * * *
The eight-headed hydra bites you!
You die...

..##+###......##
#.............
#......#####..
###......# .
#.......D# #
#........# .#
#........# ..#
#..(.....##+##§..+
#####........§§D@$...#
..........########...#
..........# .....
......)...# ....
########..# ..5 #..#
.. #..###### .
#........
########........


You could see an eight-headed hydra (ally target) and a friendly crimson imp
(summoned).

Vanquished Creatures
  A two-headed ogre (D:10)
  Pikel (D:9)
  An orc knight (Bailey)
  A manticore (D:12)
  A cyclops (D:11)
  Joseph (D:7)
  A komodo dragon (D:10)
  2 trolls
  A wind drake (shapeshifter) (D:11)
  Prince Ribbit (D:5)
  3 shadows
  3 wyverns
  3 wraiths
  15 yaks
  Grum (D:8)
  4 vampire mosquitoes (D:11)
  2 steam dragons
  2 wargs (D:11)
  A water moccasin (D:9)
  Duvessa (D:4)
  2 ice beasts (D:7)
  4 sky beasts
  Pargi (Sewer)
  12 orc warriors
  10 centaurs
  3 wolves (D:8)
  An ogre (D:6)
  A kobold brigand (D:8)
  2 bullfrogs
  5 scorpions
  A gnoll sergeant (D:5)
  9 wights
  Dowan (D:4)
  9 killer bees
  4 howler monkeys
  3 hounds
  A bullfrog zombie (D:6)
  2 jellies
  6 orc priests
  2 gnoll shamans
  4 iguanas
  25 orc wizards
  A howler monkey zombie (D:6)
  10 gnolls
  4 adders
  3 white imps
  6 worms
  39 orcs
  4 endoplasms
  A giant cockroach (D:3)
  5 goblins
  11 hobgoblins
  5 quokkas
  3 ball pythons
  9 bats
  3 frilled lizards
  9 kobolds
  3 rats
270 creatures vanquished.

Vanquished Creatures (collateral kills)
  An adder (D:4)
  3 orcs
  A ball python (D:4)
  2 giant cockroaches (D:4)
  A goblin (D:4)
  A jackal (D:4)
  A quokka (D:4)
10 creatures vanquished.

Vanquished Creatures (others)
  An electric eel (D:9)
  5 plants (D:6)
6 creatures vanquished.

Grand Total: 286 creatures vanquished

Notes
Turn   | Place    | Note
-------+----------+-------------------------------------------
     0 | D:1      | pokeman the Deep Elf Hedge Wizard began the quest for the
                  | Orb.
     0 | D:1      | Reached XP level 1. HP: 10/10 MP: 7/7
   212 | D:1      | Found Xigysem's Antique Armour Boutique.
   494 | D:1      | Found a faded altar of an unknown god.
   870 | D:1      | Reached XP level 2. HP: 16/16 MP: 2/9
  1877 | D:2      | Reached skill level 5 in Spellcasting
  2000 | D:2      | Reached XP level 3. HP: 20/20 MP: 6/11
  2022 | D:2      | Learned a level 3 spell: Mephitic Cloud
  2025 | D:2      | Learned a level 2 spell: Call Imp
  2028 | D:2      | Learned a level 2 spell: Blink
  2032 | D:2      | Learned a level 3 spell: Conjure Flame
  2724 | D:3      | Reached skill level 1 in Armour
  2738 | D:3      | Reached skill level 1 in Fighting
  3304 | D:3      | Reached XP level 4. HP: 25/25 MP: 1/13
  3859 | D:4      | Noticed Duvessa
  3935 | D:4      | Reached skill level 1 in Fire Magic
  3951 | D:4      | Found Hugiuzar's Antique Weapon Shoppe.
  3965 | D:4      | Reached skill level 6 in Spellcasting
  3999 | D:4      | Reached XP level 5. HP: 23/29 MP: 9/15
  4018 | D:4      | Reached skill level 1 in Air Magic
  4151 | D:4      | Found a white marble altar of Elyvilon.
  4151 | D:4      | Found a snail-covered altar of Cheibriados.
  4210 | D:4      | Found a glowing drain.
  4220 | Sewer    | Entered a sewer
  4376 | Sewer    | Noticed Pargi
  4385 | Sewer    | Killed Pargi
  4386 | Sewer    | Reached skill level 1 in Poison Magic
  4386 | Sewer    | Reached XP level 6. HP: 34/34 MP: 8/17
  4483 | Sewer    | Upgraded the game from 0.29-a0-341-g24ffce5b50 to
                  | 0.29-a0-344-ge2f44be95a
  4633 | D:4      | Reached skill level 1 in Evocations
  4638 | D:4      | Noticed Dowan
  4654 | D:4      | Killed Dowan
  4655 | D:4      | Reached skill level 7 in Spellcasting
  4921 | D:4      | Killed Duvessa
  4922 | D:4      | Reached XP level 7. HP: 38/38 MP: 14/20
  5146 | D:4      | Found an iron altar of Okawaru.
  5148 | D:4      | Found a stormy altar of Qazlal.
  5150 | D:4      | Found a shimmering altar of Xom.
  5269 | D:5      | Entered Level 5 of the Dungeon
  5330 | D:5      | Reached skill level 8 in Spellcasting
  5406 | D:5      | Found a shadowy altar of Dithmenos.
  5795 | D:5      | Found a staircase to the Ecumenical Temple.
  5802 | Temple   | Entered the Ecumenical Temple
  5864 | D:5      | Reached skill level 9 in Spellcasting
  5864 | D:5      | Reached XP level 8. HP: 44/44 MP: 18/23
  6105 | D:5      | Noticed Prince Ribbit
  6116 | D:5      | Killed Prince Ribbit
  6272 | D:5      | Reached skill level 5 in Conjurations
  6418 | D:5      | Identified the +0 flail "Dimoilao" {antimagic, Stlth+}
  6528 | D:6      | Found a hazy altar of Hepliaklqana.
  6658 | D:6      | Reached skill level 1 in Shields
  6658 | D:6      | Reached skill level 10 in Spellcasting
  6823 | D:6      | Found a sparkling altar of Nemelex Xobeh.
  7084 | D:6      | Found a basalt altar of Yredelemnul.
  7375 | D:6      | Found a glowing silver altar of Zin.
  7450 | D:6      | Reached XP level 9. HP: 48/48 MP: 11/25
  7665 | D:6      | Found a sacrificial altar of Ru.
  8006 | D:6      | Reached skill level 5 in Fire Magic
  8075 | D:7      | Reached skill level 11 in Spellcasting
  8719 | D:7      | Noticed Joseph
  9012 | D:7      | Killed Joseph
  9071 | D:7      | Found a hide-covered altar of Uskayaw.
  9227 | D:8      | Found an opulent altar of Gozag.
  9239 | D:8      | Noticed Grum
  9262 | D:8      | Reached skill level 12 in Spellcasting
  9303 | D:8      | Reached XP level 10. HP: 47/53 MP: 6/28
  9827 | D:8      | Reached skill level 13 in Spellcasting
  9906 | D:8      | Found a staircase to the Lair.
 10103 | D:8      | Killed Grum
 10834 | D:9      | Found a burning altar of Makhleb.
 10851 | D:9      | Noticed Pikel
 10948 | D:9      | Killed Pikel
 10992 | D:9      | Found a flagged portal.
 11053 | Bailey   | Entered a bailey
 11240 | Bailey   | Reached skill level 14 in Spellcasting
 11597 | Bailey   | Identified the +9 long sword of Severance {elec, rN++
                  | Int+2}
 11602 | Bailey   | Noticed an orc knight
 11645 | Bailey   | Killed an orc knight
 11852 | D:9      | Reached XP level 11. HP: 44/60 MP: 24/31
 12222 | D:9      | Found a runed translucent door.
 12222 | D:9      | Noticed a wizard
 12223 | D:9      | Found a runed translucent door.
 12223 | D:9      | Noticed a tengu warrior
 12858 | D:10     | Entered Level 10 of the Dungeon
 12906 | D:10     | Noticed a two-headed ogre
 12946 | D:10     | Killed a two-headed ogre
 12947 | D:10     | Reached skill level 15 in Spellcasting
 13090 | D:10     | Found a radiant altar of Vehumet.
 13094 | D:10     | Became a worshipper of Vehumet
 13411 | D:10     | Found a broken altar of Ashenzari.
 14417 | D:11     | Found a staircase to the Orcish Mines.
 14959 | D:11     | Reached * piety under Vehumet
 14959 | D:11     | Offered knowledge of Sandblast by Vehumet.
 15315 | D:11     | Reached skill level 16 in Spellcasting
 15498 | D:11     | You fall into a shaft and drop 1 floor!
 15504 | D:12     | Noticed a two-headed ogre
 15716 | Orc:1    | Entered Level 1 of the Orcish Mines
 15752 | D:12     | Noticed a two-headed ogre
 15852 | D:12     | Noticed a four-headed hydra
 15852 | D:12     | Noticed an ogre mage
 16082 | D:12     | Noticed a seven-headed hydra
 16101 | D:12     | Slain by an eight-headed hydra

Illustrated notes

Levels and vault maps discovered:
D:1:      wander_arrival_peaceful_grave, layout_basic, serial_shops,
          nicolae_diamond_shop, chequers_ecumenical_altar_simple_redux
D:2:      layout_basic
D:3:      layout_basic
D:4:      minmay_bubble_buster, layout_loops_ring,
          chequers_temple_overflow_minitemple, serial_shops,
          nicolae_shop_hallway_plus, cheibrodos_sewer_entry_bend, uniq_duvessa
D:5:      layout_loops_ring, grunt_dithmenos_smoke, temple_green,
          uniq_prince_ribbit1
D:6:      layout_gridville, mainiacjoe_overflow_cross_hatched,
          mainiacjoe_overflow_catwalk, mainiacjoe_overflow_six_doors_small,
          lemuel_zombie_altar_yredelemnul, nicolae_hepliaklqana_hazy_memory
D:7:      layout_basic, mainiacjoe_overflow_paths, uniq_joseph
D:8:      minmay_flawed_box, layout_basic,
          mainiacjoe_overflow_concentric_impassable, lair_entry_dummy, uniq_grum
D:9:      minmay_the_grid_triangle_9x9_rhombus_full
          [minmay_the_grid_triangle_9x9_sparse_checkered,
          minmay_the_grid_triangle_9x9_sprig,
          minmay_the_grid_triangle_9x9_skeleton,
          minmay_the_grid_triangle_9x9_tough_junction,
          minmay_the_grid_triangle_9x9_impossible_snake,
          minmay_the_grid_triangle_9x9_windchime,
          minmay_the_grid_triangle_9x9_from_above,
          minmay_the_grid_triangle_9x9_prize_schism], layout_loops_ring,
          lightli_temple_of_fire, enter_bailey_4, kennysheep_opposing_triangles,
          uniq_pikel
D:10:     layout_layer_cave, mainiacjoe_overflow_alcove_1, kennysheep_mini_moat,
          grunt_ministairs_10, nrook_uturn
D:11:     layout_gridville, erik_orc_4
D:12:     layout_irregular_city, lightli_corner_chamber
Temple:   corrupted_temple
Orc:1:    layout_diamond_mine, david_defended_altar_orc

Skill      XL: |  1  2  3  4  5  6  7  8  9 10 11 |
---------------+----------------------------------+-----
Spellcasting   | 5 6 7 9 10 12 14 16 | 16.2
Armour         | 1 2 3 4 |  4.2
Fighting       | 1 2 3 4 |  4.0
Conjurations   | 2 3 4 5 7 8 9 |  9.6
Fire Magic     | 1 3 4 6 7 9 |  9.1
Dodging        | 3 |  3.0
Stealth        | 3 |  3.0
Air Magic      | 1 |  1.0
Poison Magic   | 1 |  1.0
Evocations     | 1 |  1.0
Shields        | 2 3 |  3.3
Summonings     | |  1.1
Translocations | |  1.1

Action                   |  1- 3 |  4- 6 |  7- 9 | 10-12 || total
-------------------------+-------+-------+-------+-------++-------
Melee: Dagger            |    17 |       |       |       ||    17
       Short sword       |       |    47 |    71 |    16 ||   134
       Punch             |       |       |     4 |       ||     4
       Long sword        |       |       |       |   123 ||   123
 Fire: Shortbow          |       |       |    21 |       ||    21
       Hand crossbow     |       |       |       |   185 ||   185
 Cast: Magic Dart        |    98 |    28 |   163 |   203 ||   492
       Conjure Flame     |     3 |     4 |    26 |    44 ||    77
       Mephitic Cloud    |     2 |     8 |    36 |    63 ||   109
       Call Imp          |     1 |     1 |     1 |     5 ||     8
       Blink             |       |     1 |       |     5 ||     6
Evoke: Wand              |       |       |       |    11 ||    11
 Stab: Sleeping          |     4 |       |     1 |       ||     5
       Confused          |     2 |     3 |     5 |    15 ||    25
Armor: Robe              |    27 |       |       |       ||    27
       Leather armour    |     3 |     5 |       |       ||     8
       Troll leather arm |       |     9 |    29 |    39 ||    77
Dodge: Dodged            |    65 |    28 |    80 |   137 ||   310

Table legend: (Time is in decaauts)
 A = Elapsed time spent in this place.
 B = Non-inter-level travel time spent in this place.
 C = Inter-level travel time spent in this place.
 D = Time resting spent in this place.
 E = Time spent auto-exploring this place.
 F = Levels seen in this place.
 G = Mean time per level.
                   A        B        C        D        E       F      G
               +--------+--------+--------+--------+--------+-----+--------+
         Total |  16287 |  15783 |    504 |   1016 |  10891 |  16 | 1017.9 |
       Dungeon |  15276 |  14783 |    493 |    922 |  10249 |  12 | 1273.0 |
        Temple |     45 |     34 |     11 |      0 |     26 |   1 |   45.0 |
  Orcish Mines |      1 |      1 |      0 |      0 |      0 |   1 |    1.0 |
         Sewer |    264 |    264 |      0 |      6 |    216 |   1 |  264.0 |
        Bailey |    699 |    699 |      0 |     88 |    400 |   1 |  699.0 |
               +--------+--------+--------+--------+--------+-----+--------+

Top non-repeatable levels by time:
     D:9: 1533 daAuts
    D:10: 1521 daAuts
     D:8: 1491 daAuts
     D:6: 1437 daAuts
     D:2: 1414 daAuts
    D:11: 1386 daAuts
     D:5: 1308 daAuts
     D:1: 1279 daAuts
     D:7: 1184 daAuts
     D:4: 1175 daAuts
     D:3: 1145 daAuts
  Bailey: 699 daAuts
    D:12: 399 daAuts
   Sewer: 264 daAuts
  Temple: 45 daAuts
